 Dungeon Crawl Stone Soup version 0.23.2-1-ga50397a6bc (webtiles) character file.

Game seed: 7302677831903129938

784 Mrkan the Grappler (level 7, -2/66 HPs)
             Began as a Troll Monk on May 25, 2019.
             Was a Priest of Yredelemnul.
             Slain by a bullfrog (8 damage)
             ... in a sewer.
             The game lasted 00:07:27 (2800 turns).

Mrkan the Grappler (Troll Monk)                     Turns: 2800, Time: 00:07:28

Health: -2/66      AC:  7    Str: 20    XL:     7   Next: 55%
Magic:  7/7        EV: 10    Int:  6    God:    Yredelemnul [***...]
Gold:   157        SH:  0    Dex: 14    Spells: 6/6 levels left

rFire    . . .     SeeInvis .     - Unarmed
rCold    . . .     Gourm    +   (no shield)
rNeg     . . .     Faith    .   a - +0 robe
rPois    .         Spirit   .   u - +0 hat
rElec    .         Reflect  .   x - +0 cloak
rCorr    .         Harm     .   (gloves unavailable)
MR       .....                  (boots unavailable)
Stlth    ++........             (no amulet)
HPRegen  0.61/turn              (no ring)
MPRegen  0.10/turn              (no ring)

@: no status effects
A: large, unfitting armour, claws 3, fast metabolism 3, gourmand, regeneration
1, shaggy fur 1, tough skin 3
a: Recall Undead Slaves, Injury Mirror, Animate Dead, Renounce Religion


You were in a sewer.
You worshipped Yredelemnul.
Yredelemnul was most pleased with you.
You were very full.

You visited 1 branch of the dungeon, and saw 4 of its levels.
You also visited: Sewer.

You collected 157 gold pieces.

Inventory:

Hand Weapons
 w - a +0 club
 E - a +1 dire flail of crushing
Armour
 a - a +0 robe (worn)
 u - a +0 hat (worn)
 x - a +0 cloak (worn)
Jewellery
 p - a cursed -2 ring of evasion {unknown}
 s - a +6 ring of evasion {unknown}
 F - a +4 ring of strength {unknown}
Wands
 B - a wand of polymorph (9)
 D - a wand of disintegration (9)
Scrolls
 c - 2 scrolls of fear {unknown}
 d - 3 scrolls of remove curse {unknown}
 e - 2 scrolls of identify {unknown}
 f - 3 scrolls of blinking {unknown}
 g - 3 scrolls of magic mapping {unknown}
 j - a scroll of random uselessness {unknown}
 m - 2 scrolls of enchant armour {unknown}
 q - 2 scrolls of fog {unknown}
 r - a scroll of amnesia {unknown}
 y - a scroll of noise {unknown}
 z - a scroll of enchant weapon {unknown}
 A - 2 scrolls of teleportation {unknown}
Potions
 h - a potion of berserk rage {unknown}
 i - 2 potions of curing
 k - a potion of brilliance {unknown}
 l - 3 potions of might {unknown}
 n - 2 potions of heal wounds {unknown}
 o - 3 potions of mutation {unknown}
 v - a potion of degeneration {unknown}
 C - a potion of ambrosia {unknown}
 G - a potion of magic {unknown}
Comestibles
 b - 12 rations
 t - 6 chunks of flesh


   Skills:
 - Level 2.4 Fighting
 * Level 2.0 Throwing
 - Level 2.4 Dodging
 - Level 1.0 Stealth
 - Level 8.2 Unarmed Combat
 + Level 2.1 Invocations


You had 6 spell levels left.
You didn't know any spells.
Your spell library contained the following spells:

 Spells                   Type           Power        Failure   Level  Hunger
 Animate Skeleton         Necr           N/A          45%         1    ##.....
 Apportation              Tloc           #.....       45%         1    ##.....
 Confusing Touch          Hex            #.....       45%         1    ##.....
 Summon Small Mammal      Summ           #...         45%         1    ##.....


Dungeon Overview and Level Annotations

Branches:
Dungeon (4/15)
 Temple: D:4-7

Altars:
Elyvilon
Gozag
Yredelemnul


Innate Abilities, Weirdness & Mutations

You are too large for most types of armour.
You have claws for hands.
Your metabolism is lightning-fast.
You like to eat raw meat.
Your natural rate of healing is unusually fast.
You are covered in fur. (AC +1)
You have extremely tough skin. (AC +3)


Message History

The ball python bites you but does no damage.
You claw the bullfrog!
The bullfrog is almost dead.
The bullfrog hits you.
* * * LOW HITPOINT WARNING * * *
The frilled lizard closely misses you.
The ball python bites you but does no damage.
You barely miss the bullfrog.
The bullfrog is almost dead.
The bullfrog hits you.
* * * LOW HITPOINT WARNING * * *
The ball python bites you.
* * * LOW HITPOINT WARNING * * *
The frilled lizard bites you.
* * * LOW HITPOINT WARNING * * *
You barely miss the bullfrog.
The bullfrog is almost dead.
The bullfrog hits you!
You die...
Your body rises from the dead as a mindless zombie.

## .##
######
..##
##....##
...#
+......#
...##
#....S.#
....#
#...ll@#
..≈.#
##...F##
≈≈≈≈#
#≈≈≈≈≈≈#
≈≈≈≈#
#≈≈≈†≈≈#
≈≈≈≈#
#≈≈≈≈≈≈#
≈≈≈≈#
#≈≈≈≈≈≈#
≈≈≈≈#
#≈≈≈≈≈≈#
≈≈≈≈#
#≈≈≈≈≈≈#
≈≈≈≈#
#≈≈≈≈.≈#


You could see a bullfrog, a ball python and 2 frilled lizards.

Vanquished Creatures
  Edmund (D:4)
  2 ogres (D:4)
  A bullfrog (Sewer)
  A hound (D:4)
  2 orc wizards (D:3)
  Jessica (D:3)
  2 worker ants
  10 adders
  2 river rats (Sewer)
  4 oozes
  4 worms
  4 dart slugs
  5 leopard geckos
  10 orcs
  8 bats
  7 giant cockroaches
  9 goblins
  4 hobgoblins
  4 jackals
  A quokka (D:2)
  9 ball pythons
  3 frilled lizards
  9 kobolds
  31 rats
134 creatures vanquished.

Notes
Turn   | Place    | Note
-------+----------+-------------------------------------------
     0 | D:1      | Mrkan the Troll Monk began the quest for the Orb.
     0 | D:1      | Reached XP level 1. HP: 22/22 MP: 0/0
   126 | D:1      | Reached XP level 2. HP: 29/29 MP: 1/1
   414 | D:1      | Reached skill level 4 in Unarmed Combat
   549 | D:1      | Reached XP level 3. HP: 36/36 MP: 2/2
   721 | D:2      | Found a white marble altar of Elyvilon.
  1405 | D:3      | Reached skill level 5 in Unarmed Combat
  1405 | D:3      | Reached XP level 4. HP: 37/44 MP: 3/3
  1433 | D:3      | Noticed Jessica
  1439 | D:3      | Killed Jessica
  1492 | D:3      | Reached XP level 5. HP: 50/50 MP: 4/4
  1512 | D:3      | Reached skill level 6 in Unarmed Combat
  1915 | D:3      | Found an opulent altar of Gozag.
  2061 | D:3      | Reached XP level 6. HP: 59/59 MP: 5/5
  2129 | D:4      | Found a basalt altar of Yredelemnul.
  2137 | D:4      | Became a worshipper of Yredelemnul the Dark
  2137 | D:4      | Reached * piety under Yredelemnul
  2137 | D:4      | Reached ** piety under Yredelemnul
  2148 | D:4      | Reached skill level 7 in Unarmed Combat
  2462 | D:4      | Noticed Edmund
  2471 | D:4      | Killed Edmund
  2471 | D:4      | Reached skill level 8 in Unarmed Combat
  2471 | D:4      | Reached skill level 1 in Invocations
  2471 | D:4      | Reached XP level 7. HP: 50/66 MP: 5/7
  2517 | D:4      | Found a glowing drain.
  2536 | Sewer    | Entered a sewer
  2683 | Sewer    | Reached skill level 1 in Throwing
  2691 | Sewer    | Reached *** piety under Yredelemnul
  2800 | Sewer    | Slain by a bullfrog

Skill      XL: |  1  2  3  4  5  6  7 |
---------------+----------------------+-----
Unarmed Combat | 4 5 6 8 |  8.2
Invocations    | 1 2 |  2.1
Throwing       | 2 |  2.0
Fighting       | |  2.4
Dodging        | |  2.4
Stealth        | |  1.0

Action                   |  1- 3 |  4- 6 |  7- 9 || total
-------------------------+-------+-------+-------++-------
Melee: Unarmed           |   106 |   138 |    98 ||   342
       Punch             |     1 |     5 |     2 ||     8
  Use: Potion            |       |     1 |       ||     1
 Stab: Sleeping          |     4 |     5 |     1 ||    10
  Eat: Chunk             |    17 |    11 |     3 ||    31
Armor: Robe              |    50 |    42 |    76 ||   168
Dodge: Dodged            |    55 |    59 |   109 ||   223
